 Dungeon Crawl Stone Soup version 0.31-a0-977-gc230f8ef24 (webtiles) character file.

Game seed: 18193495992997325720

91 Arzdou the Magician (level 4, -8/24 HPs)
             Began as a Deep Elf Air Elementalist on Oct 29, 2023.
             Mangled by Crazy Yiuf
             ... wielding a +3 quarterstaff of chaos
              (13 damage)
             ... on level 3 of the Dungeon.
             The game lasted 00:04:21 (2256 turns).

Arzdou the Magician (Deep Elf Air Elementalist)     Turns: 2256, Time: 00:04:23

Health: -8/24      AC:  4    Str:  5    XL:     4   Next: 34%
Magic:  7/12       EV: 12    Int: 22    God:
Gold:   175        SH:  0    Dex: 15    Spells: 9/12 levels left

rFire   . . .        g - +0 dagger
rCold   . . .        (no shield)
rNeg    . . .        a - +0 robe
rPois   .            c - +1 helmet
rElec   .            (no cloak)
rCorr   .            (no gloves)
SInv    .            (no boots)
Will    .....        (no amulet)
Stlth   ++           (no ring)
HPRegen 0.24/turn    (no ring)
MPRegen 0.13/turn

%: no passive effects
@: no status effects
A: no striking features
a: no special abilities


You were on level 3 of the Dungeon.
You visited 1 branch of the dungeon, and saw 3 of its levels.

You collected 175 gold pieces.

Inventory:

Hand Weapons
 g - a +0 dagger (weapon)
Armour
 a - a +0 robe (worn)
 c - a +1 helmet (worn)
Scrolls
 d - a scroll of identify {unknown}
 f - a scroll of blinking {unknown}
 h - 2 scrolls of fear {unknown}
 j - a scroll of fog {unknown}
 k - a scroll of enchant weapon {unknown}
 m - a scroll of immolation {unknown}
 o - a scroll of torment {unknown}
 p - a scroll of amnesia {unknown}
Potions
 b - a potion of magic
 e - a potion of cancellation {unknown}
 i - 2 potions of curing {unknown}
 l - a potion of heal wounds {unknown}
 n - a potion of brilliance {unknown}


   Skills:
 - Level 2.4 Dodging
 - Level 2.4 Stealth
 + Level 4.9 Spellcasting
 + Level 3.2 Conjurations
 - Level 3.0 Air Magic


You had 9 spell levels left.
You knew the following spells:

 Your Spells              Type           Power      Damage    Failure   Level
a - Shock                 Conj/Air       76%        1d7       2%          1
b - Static Discharge      Conj/Air       38%        3-5/arc   4%          2

Your spell library contained the following spells:

 Spells                   Type           Power      Damage    Failure   Level
 Magic Dart               Conj           76%        1d6       2%          1
 Searing Ray              Conj           38%        2d5       4%          2
 Swiftness                Air            18%        N/A       9%          3
 Wereblood                Tmut           5%         N/A       16%         2
 Airstrike                Air            9%         2d(2-18)  28%         4
 Frozen Ramparts          Ice            10%        1d2       30%         3
 Inner Flame              Hex/Fire       5%         N/A       30%         3
 Fulminant Prism          Conj/Hex       6%         3d7       45%         4
 Irradiate                Conj/Tmut      6%         3d13      82%         5
 Ignition                 Fire           2%         3d3       100%        8


Dungeon Overview and Level Annotations

Branches:
Dungeon (3/15)

Altars:

Annotations:
D:3 Crazy Yiuf


Message History

The zap hits the bat!
You kill the bat!
o - a scroll labelled BUKLEN XEHAST You now have 163 gold pieces (gained 11).
Found a leather armour.
No target in view!
There is a shaft here.
You now have 175 gold pieces (gained 12).
p - a scroll labelled DOBUUT IQEQYE
Found a stone staircase leading up.
You open the door.
Found a hammer.
Found a runed translucent door.
You open the door.
There is an open translucent door here.
The zap hits Crazy Yiuf but does no damage.
Crazy Yiuf shouts!
The zap misses Crazy Yiuf.
The zap misses Crazy Yiuf.
The zap hits Crazy Yiuf!
Crazy Yiuf is moderately wounded.
The zap hits Crazy Yiuf but does no damage.
Crazy Yiuf is moderately wounded.
The zap hits Crazy Yiuf.
Crazy Yiuf is severely wounded.
Crazy Yiuf hits you with a +3 quarterstaff of chaos!
Crazy Yiuf burns you.
You are too injured to fight recklessly!
Casting: Shock (safe; 2% risk of failure)
Confirm with . or Enter, or press ? or * to list all spells.
Crazy Yiuf is struck by an arc of lightning.
Crazy Yiuf is almost dead.
You are struck by an arc of lightning.
* * * LOW HITPOINT WARNING * * *
Crazy Yiuf is struck by an arc of lightning.
Crazy Yiuf is almost dead.
You are struck by an arc of lightning.
* * * LOW HITPOINT WARNING * * *
The lightning grounds out.
Crazy Yiuf hits you with a +3 quarterstaff of chaos!
Ouch! That really hurt!
You die...

..>........#
##..##
#...#.......
.#.#.#.###.#
♣....♣
#.>......###
.......###.#
♣...♣♣
##..#.......
.#.#.#.....#
♣♣.♣♣
#...#...####
.......###.#
♣.♣♣
##.##.......
.#.#.#.#
♣♣.♣
#.###..####
.......#
♣.♣♣
##.###..# #
.#.#.#.##
♣♣.♣
#'......# #
..........
#@#
##.###.#####
.#.#.#####
#.g.#
#..........#
......#
#...#
######...#.#
.#.#.##
#..)#
###.#.#
......#
##### #....
.#.#.##
###..#
...#.#####
##.....
..)......#
#......
##.#.###.#
#..#...


You could see Crazy Yiuf.

Vanquished Creatures
  3 gnolls (D:3)
  An adder (D:2)
  8 endoplasms
  A giant cockroach (D:3)
  7 goblins
  4 hobgoblins
  4 jackals
  6 kobolds
  2 quokkas (D:2)
  2 ball pythons
  7 bats
  2 frilled lizards
  2 rats
49 creatures vanquished.

Notes
Turn   | Place    | Note
-------+----------+-------------------------------------------
     0 | D:1      | Arzdou the Deep Elf Air Elementalist began the quest for
                  | the Orb.
     0 | D:1      | Reached XP level 1. HP: 10/10 MP: 6/6
   122 | D:1      | Got the Tome of Roasted Congelation
   219 | D:1      | Reached XP level 2. HP: 15/15 MP: 6/8
   681 | D:1      | Found a faded altar of an unknown god.
   992 | D:2      | Reached skill level 4 in Spellcasting
   992 | D:2      | Reached XP level 3. HP: 19/19 MP: 5/10
   995 | D:2      | Learned a level 2 spell: Static Discharge
  1871 | D:3      | Reached XP level 4. HP: 21/24 MP: 8/12
  2247 | D:3      | Found a runed translucent door.
  2248 | D:3      | Noticed Crazy Yiuf
  2256 | D:3      | Mangled by Crazy Yiuf

Illustrated notes

Levels and vault maps discovered:
D:1:      dpeg_arrival_tiny_j, layout_rooms, chequers_ecumenical_altar_grove,
          st_stairs_4
D:2:      layout_rooms, grunt_ministairs_11
D:3:      layout_basic, st_stairs_11, uniq_crazy_yiuf_cottage

Skill      XL: |  1  2  3 |
---------------+----------+-----
Conjurations   | 2 3 |  3.2
Spellcasting   | 4 |  4.9
Dodging        | |  2.4
Stealth        | |  2.4
Air Magic      | |  3.0

Action                     |  1- 3 |  4- 6 || total
---------------------------+-------+-------++-------
  Melee: Dagger            |     8 |       ||     8
         Unarmed           |     3 |       ||     3
   Cast: Shock             |    75 |    13 ||    88
         Static Discharge  |       |     1 ||     1
 Armour: Robe              |    26 |     4 ||    30
  Dodge: Dodged            |    26 |       ||    26

Table legend: (Time is in decaauts)
 A = Elapsed time spent in this place.
 B = Non-inter-level travel time spent in this place.
 C = Inter-level travel time spent in this place.
 D = Time resting spent in this place.
 E = Time spent auto-exploring this place.
 F = Levels seen in this place.
 G = Mean time per level.
                   A        B        C        D        E       F      G
               +--------+--------+--------+--------+--------+-----+--------+
         Total |   2256 |   2167 |     89 |      0 |   1848 |   3 |  752.0 |
       Dungeon |   2256 |   2167 |     89 |      0 |   1848 |   3 |  752.0 |
               +--------+--------+--------+--------+--------+-----+--------+

Top non-repeatable levels by time:
     D:1: 902 daAuts
     D:2: 719 daAuts
     D:3: 633 daAuts
